 Dungeon Crawl Stone Soup version 0.29-a0-1023-g6ae1a4a2c7 (webtiles) character file.

Game seed: 1416032880847727777

138 nono the Shield-Bearer (level 5, -1/46 HPs)
             Began as a Meteoran Fighter on Aug 11, 2022.
             Succumbed to a water moccasin's poison
             ... on level 4 of the Dungeon.
             The game lasted 00:04:26 (817 turns).

nono the Shield-Bearer (Meteoran Fighter)            Turns: 817, Time: 00:04:26

Health: -1/46      AC:  8    Str: 20    XL:     5   Next: 74%
Magic:  6/6        EV:  9    Int:  9    God:
Gold:   50         SH:  5    Dex: 13    Spells: 4/4 levels left

rFire   . . .      SeeInvis .   a - +0 flail
rCold   . . .      Faith    .   c - +0 buckler
rNeg    . . .      Spirit   .   m - +0 scale mail
rPois   .          Reflect  .   (no helmet)
rElec   .          Harm     .   (no cloak)
rCorr   .          Rampage  .   (no gloves)
Will    .....                   n - +0 pair of boots
Stlth   ..........              (no amulet)
HPRegen 0.15/turn               (no ring)
MPRegen 0.10/turn               (no ring)

@: lethally poisoned (-1 -> -7), glowing
A: sense surroundings 1, otherworldly, glowing, explore regen, screaming 1
a: no special abilities


You were on level 4 of the Dungeon.
You visited 1 branch of the dungeon, and saw 4 of its levels.

You collected 50 gold pieces.

Inventory:

Hand Weapons
 a - a +0 flail (weapon)
 b - a +1 dagger of venom
 f - a +2 dagger of protection
Armour
 c - a +0 buckler (worn)
 m - a +0 scale mail (worn)
 n - a +0 pair of boots (worn)
Scrolls
 e - 3 scrolls of identify {unknown}
 g - a scroll of magic mapping {unknown}
 h - 2 scrolls of enchant armour {unknown}
 i - a scroll of summoning {unknown}
 j - 2 scrolls of teleportation {unknown}
 k - 3 scrolls of enchant weapon {unknown}
 o - a scroll of amnesia {unknown}
 p - a scroll of noise {unknown}
Potions
 d - a potion of might
 l - 2 potions of heal wounds


   Skills:
 + Level 4.2 Fighting
 + Level 4.1 Maces & Flails
 + Level 4.6 Armour
 + Level 4.6 Shields


You had 4 spell levels left.
You didn't know any spells.
Your spell library contained the following spells:

 Spells                   Type           Power      Damage    Failure   Level
 Gell's Gravitas          Tloc           0%         N/A       99%         3
 Teleport Other           Tloc           0%         N/A       99%         3
 Dispersal                Tloc           0%         N/A       100%        6


Dungeon Overview and Level Annotations

Branches:
Dungeon (3/15) Zot: 1559

Altars:


Innate Abilities, Weirdness & Mutations

You passively map a small area around you.
You are easily found by Zot.
You glow in the dark.
You regain HP and MP as you explore.
You occasionally shout uncontrollably at your foes.


Message History

You feel the urge to shout.
You feel very sick. The water moccasin bites you.
You are more poisoned.
The water moccasin poisons you! The water moccasin bites you.
* * * LOW HITPOINT WARNING * * *
You feel much better.
You feel extremely sick. The water moccasin closely misses you.
You sock the water moccasin!
The water moccasin is almost dead.
You feel extremely sick. The water moccasin closely misses you.
The water moccasin barely misses you.
You are too injured to fight recklessly!
You closely miss the water moccasin.
The water moccasin is almost dead.
* * * LOW HITPOINT WARNING * * *
You feel very sick.
You block the water moccasin's attack. x2
You sock the water moccasin!
You kill the water moccasin!
* * * LOW HITPOINT WARNING * * *
You feel very sick.
Your Fighting skill increases to level 4!
Your Maces & Flails skill increases to level 4!
You have reached level 4!
You have reached level 5!
There is a lethal amount of poison in your body!
Okay, then.
Sorry, you're not good enough to have a special ability.
* * * LOW HITPOINT WARNING * * *
You feel sick.
* * * LOW HITPOINT WARNING * * *
You feel very sick.
* * * LOW HITPOINT WARNING * * *
You feel sick.
You see here 2 potions of heal wounds.
Okay, then.
l - 2 potions of heal wounds You die...

* , , * ,* #,
.#.#
######.#.# *
####........*
#.?.......# *
#.@.......#**
* #.........#
, #..<......#
* #.........#
####.#.......
,,,
#.##.#.###
#.# .# #, #.#
#, #.# ,


There were no monsters in sight!

Vanquished Creatures
  A water moccasin (D:4)
  An adder (D:2)
  2 bats (D:1)
  2 endoplasms
  A giant cockroach (D:2)
  4 goblins
  3 hobgoblins (D:2)
  A quokka (D:1)
  5 ball pythons
  3 frilled lizards
  3 kobolds
  5 rats
31 creatures vanquished.

Vanquished Creatures (others)
  2 minotaurs (D:1)
  A demonspawn (D:1)
  A draconian (D:1)
  2 vine stalkers (D:1)
  A formicid (D:1)
  A spriggan (D:1)
  A naga (D:1)
  A dwarf (D:1)
  A gnoll (D:1)
  A kobold (D:1)
  6 tentacles (D:1)
18 creatures vanquished.

Grand Total: 49 creatures vanquished

Notes
Turn   | Place    | Note
-------+----------+-------------------------------------------
     0 | D:1      | nono the Meteoran Fighter began the quest for the Orb.
     0 | D:1      | Reached XP level 1. HP: 19/19 MP: 2/2
     0 | D:1      | Noticed a dwarf
     0 | D:1      | Noticed a vine stalker
     0 | D:1      | Noticed a draconian
     0 | D:1      | Noticed a spriggan
     0 | D:1      | Noticed a formicid
     0 | D:1      | Noticed a kraken
     0 | D:1      | Noticed a vine stalker
     0 | D:1      | Noticed a naga
     0 | D:1      | Noticed a demonspawn
     0 | D:1      | Noticed a minotaur
     0 | D:1      | Noticed a minotaur
     3 | D:1      | Killed a minotaur
     5 | D:1      | Killed a naga
     5 | D:1      | Killed a vine stalker
     5 | D:1      | Killed a formicid
     5 | D:1      | Killed a vine stalker
     7 | D:1      | Killed a dwarf
     8 | D:1      | Killed a spriggan
     9 | D:1      | Killed a demonspawn
    10 | D:1      | Killed a minotaur
    12 | D:1      | Killed a draconian
   155 | D:1      | Reached XP level 2. HP: 26/26 MP: 3/3
   434 | D:1      | Found a faded altar of an unknown god.
   487 | D:1      | Glimpsed the power of Zot.
   584 | D:2      | Reached XP level 3. HP: 31/31 MP: 4/4
   763 | D:3      | You fall into a shaft and drop 1 floor!
   799 | D:4      | Noticed a water moccasin
   809 | D:4      | Gained mutation: You occasionally shout uncontrollably at
                  | your foes. [potion of mutation]
   813 | D:4      | Killed a water moccasin
   814 | D:4      | Reached XP level 4. HP: 6/40 MP: 5/5
   814 | D:4      | Reached XP level 5. HP: 6/46 MP: 6/6
   815 | D:4      | HP: 2/46 [poisoned by a water moccasin]
   817 | D:4      | Succumbed to a water moccasin's poison

Illustrated notes

Levels and vault maps discovered:
D:1:      nicolae_arrival_kraken_aquarium_a, layout_basic,
          shapermc_ecumenical_altar_mp_urbaneastern
D:2:      layout_loops_ring, minmay_bisected
D:3:      layout_rooms, chequers_temple_overflow_statue_of_worship,
          serial_shops, shop
D:4:      layout_basic, minmay_three_crescents

Skill      XL: |  1  2  3 |
---------------+----------+-----
Maces & Flails | 3 4 |  4.1
Armour         | 4 |  4.6
Shields        | 4 |  4.6
Fighting       | 4 |  4.2

Action                   |  1- 3 |  4- 6 || total
-------------------------+-------+-------++-------
Melee: Flail             |    91 |       ||    91
       Dagger            |     6 |       ||     6
  Use: Potion            |     3 |       ||     3
Armor: Scale mail        |    53 |       ||    53
Dodge: Dodged            |    38 |       ||    38
Block: Buckler           |    35 |       ||    35

Table legend: (Time is in decaauts)
 A = Elapsed time spent in this place.
 B = Non-inter-level travel time spent in this place.
 C = Inter-level travel time spent in this place.
 D = Time resting spent in this place.
 E = Time spent auto-exploring this place.
 F = Levels seen in this place.
 G = Mean time per level.
                   A        B        C        D        E       F      G
               +--------+--------+--------+--------+--------+-----+--------+
         Total |    841 |    828 |     13 |      0 |    567 |   4 |  210.2 |
       Dungeon |    841 |    828 |     13 |      0 |    567 |   4 |  210.2 |
               +--------+--------+--------+--------+--------+-----+--------+

Top non-repeatable levels by time:
     D:1: 537 daAuts
     D:2: 237 daAuts
     D:4: 53 daAuts
     D:3: 12 daAuts
